 Dungeon Crawl Stone Soup version 0.29.1-15-g9cfb28693d (webtiles) character file.

Game seed: 18433416392757047617

64 redmage the Digger (level 4, 0/33 HPs)
             Began as a Meteoran Earth Elementalist on Sept 13, 2023.
             Slain by a gnoll
             ... wielding a +0 club
              (4 damage)
             ... on level 5 of the Dungeon.
             The game lasted 00:03:47 (306 turns).

redmage the Digger (Meteoran Earth Elementalist)     Turns: 306, Time: 00:03:47

Health: 0/33       AC:  2    Str:  9    XL:     4   Next: 58%
Magic:  5/10       EV: 12    Int: 18    God:
Gold:   89         SH:  0    Dex: 15    Spells: 4/10 levels left

rFire   . . .      SeeInvis .   (no weapon)
rCold   . . .      Faith    .   (no shield)
rNeg    . . .      Spirit   .   a - +0 robe
rPois   .          Reflect  .   (no helmet)
rElec   .          Harm     .   (no cloak)
rCorr   .          Rampage  .   (no gloves)
Will    .....                   (no boots)
Stlth   +.........              (no amulet)
HPRegen 0.11/turn               (no ring)
MPRegen 0.12/turn               (no ring)

@: glowing
A: sense surroundings 1, otherworldly, glowing, explore regen
a: no special abilities


You were on level 5 of the Dungeon.
You visited 1 branch of the dungeon, and saw 5 of its levels.

You collected 89 gold pieces.

Inventory:

Missiles
 f - 6 curare-tipped darts
Armour
 a - a +0 robe (worn)
Scrolls
 d - a scroll of poison
Potions
 b - a potion of magic
 g - a potion of curing {unknown}
 h - a potion of lignification {unknown}
 i - a potion of flight {unknown}


   Skills:
 - Level 2.4 Dodging
 - Level 1.4 Stealth
 + Level 3.9 Spellcasting
 + Level 1.6 Conjurations
 - Level 1.2 Transmutations
 + Level 4.6 Earth Magic


You had 4 spell levels left.
You knew the following spells:

 Your Spells              Type           Power      Damage    Failure   Level
a - Sandblast             Erth           40%        2d10      2%          1
b - Passwall              Tmut/Erth      11%        N/A       7%          2
c - Stone Arrow           Conj/Erth      28%        3d8       12%         3

Your spell library contained the following spells:

 Spells                   Type           Power      Damage    Failure   Level
 Ensorcelled Hibernation  Hex/Ice        6%         N/A       22%         2
 Swiftness                Air            3%         N/A       41%         3
 Petrify                  Tmut/Erth      14%        N/A       41%         4
 Conjure Ball Lightning   Conj/Air       3%         3x3d6     100%        6
 Discord                  Hex            1%         N/A       100%        8
 Disjunction              Tloc           1%         N/A       100%        8


Dungeon Overview and Level Annotations

Branches:
Dungeon (5/15) Zot: 2675
 Temple: D:4-7

Altars:


Innate Abilities, Weirdness & Mutations

You passively map a small area around you.
You are easily found by Zot.
You glow in the dark.
You regain HP and MP as you explore.


Message History

The quokka closely misses you. The quokka bites you.
* * * LOW HITPOINT WARNING * * *
Your magical contamination has completely faded away.
You aren't carrying any items that you can evoke.
You barely miss the quokka.
The quokka is almost dead.
The quokka closely misses you.
You barely miss the quokka.
The quokka is almost dead.
The quokka bites you but does no damage.
You hit the quokka but do no damage.
The quokka is almost dead.
The quokka barely misses you. The quokka bites you.
* * * LOW HITPOINT WARNING * * *
You closely miss the quokka.
The quokka is almost dead.
The quokka bites you.
* * * LOW HITPOINT WARNING * * *
Casting: Sandblast (safe; 2% risk of failure)
Confirm with . or Enter, or press ? or * to list all spells.
Aiming: Sandblast (safe; 2% risk of failure)
Press: ? - help, Shift-Dir - straight line, f/p - quokka
Aim: a quokka (severely wounded, 76% to hit)
The blast of sand hits the quokka.
You kill the quokka!
Unknown command.
You see here a quokka corpse.
Unknown command.
There is a stone staircase leading down here.
You climb downwards.
The gnoll bouda shouts!
The gnoll shouts! x5; You hear a shout!
Found 11 gold pieces.
There is a stone staircase leading up here.
Unknown command.
The white imp hits you.
* * * LOW HITPOINT WARNING * * *
The white imp freezes you.
* * * LOW HITPOINT WARNING * * *
The gnoll hits you with a +0 club.
You die...

* * , ** * * ,*
,* , ## ##
##.g#####..## ,
*
##..g.5......##
+...⌠..@gg⌠...+
* ,
##..gg......$##
* ,
##..#####.g##*
, ## * ## * + *
** * * ,,, * *
,


You could see a gnoll bouda, 6 gnolls and a white imp.

Vanquished Creatures
  A scorpion zombie (D:4)
  2 adders (D:2)
  An adder skeleton (D:4)
  A dart slug (D:3)
  An endoplasm (D:2)
  2 giant cockroaches
  2 goblins
  2 quokkas
  2 ball pythons
  A bat (D:2)
  A kobold (D:4)
  A quokka zombie (D:4)
17 creatures vanquished.

Notes
Turn   | Place    | Note
-------+----------+-------------------------------------------
     0 | D:1      | redmage the Meteoran Earth Elementalist began the quest for
                  | the Orb.
     0 | D:1      | Reached XP level 1. HP: 14/14 MP: 5/5
    64 | D:2      | Reached XP level 2. HP: 13/20 MP: 0/7
    85 | D:2      | Reached skill level 4 in Earth Magic
   107 | D:3      | Reached XP level 3. HP: 26/26 MP: 6/8
   113 | D:3      | Learned a level 2 spell: Passwall
   117 | D:3      | Learned a level 3 spell: Stone Arrow
   233 | D:2      | Reached skill level 1 in Conjurations
   267 | D:4      | Reached XP level 4. HP: 19/33 MP: 1/10
   305 | D:5      | Entered Level 5 of the Dungeon
   306 | D:5      | Slain by a gnoll

Illustrated notes

Levels and vault maps discovered:
D:1:      tarquinn_simple_flora_water_b, layout_loops_corners
D:2:      layout_basic
D:3:      minmay_razor_zed, layout_rooms, basic_ecumenical_altar,
          minmay_misc_feat_tower, serial_bayou_ford_a
D:4:      layout_loops_corners, serial_undead, serial_undead_e, serial_undead_a,
          serial_undead_e, serial_undead_a, grunt_ministairs_1,
          nicolae_eternal_life, minmay_bent
D:5:      layout_loops_ring, chei_slow_surprise, mainiacjoe_overflow_alcove_4,
          mainiacjoe_overflow_boulevard, grunt_ministairs_15, minmay_manual_mess

Skill      XL: |  1  2  3 |
---------------+----------+-----
Spellcasting   | 3 |  3.9
Earth Magic    | 4 |  4.6
Conjurations   | 1 |  1.6
Dodging        | |  2.4
Stealth        | |  1.4
Transmutations | |  1.2

Action                   |  1- 3 |  4- 6 || total
-------------------------+-------+-------++-------
Melee: Unarmed           |     1 |     4 ||     5
 Cast: Sandblast         |    30 |     4 ||    34
       Stone Arrow       |     1 |       ||     1
  Use: Scroll            |       |     2 ||     2
Armor: Robe              |     4 |     1 ||     5
Dodge: Dodged            |     6 |     4 ||    10
